 Dungeon Crawl Stone Soup version 0.25-a0-547-g27a0b5d (webtiles) character file.

Game seed: 18225020401072233143, levelgen mode: deterministic

96 b5mith the Skirmisher (level 4, -1/45 HPs)
             Began as a Minotaur Berserker on Feb 22, 2020.
             Was a Believer of Trog.
             Slain by a sky beast (5 damage)
             ... on level 3 of the Dungeon.
             The game lasted 00:03:43 (1596 turns).

b5mith the Skirmisher (Minotaur Berserker)          Turns: 1596, Time: 00:03:44

Health: -1/45      AC:  2    Str: 22    XL:     4   Next: 41%
Magic:  3/3        EV: 12    Int:  4    God:    Trog [**....]
Gold:   74         SH:  0    Dex: 14    Spells: 3/3 levels left

rFire    . . .     SeeInvis .   a - +0 mace
rCold    . . .     Gourm    .   (no shield)
rNeg     . . .     Faith    .   b - +0 animal skin
rPois    .         Spirit   .   (helmet restricted)
rElec    .         Reflect  .   (no cloak)
rCorr    .         Harm     .   (no gloves)
MR       .....                  (no boots)
Stlth    +.........             (no amulet)
HPRegen  0.15/turn              d - +4 ring of dexterity
MPRegen  0.08/turn              (no ring)

@: no status effects
A: retaliatory headbutt, horns 2
a: Berserk, Trog's Hand, Renounce Religion


You were on level 3 of the Dungeon.
You worshipped Trog.
Trog was pleased with you.
You were not hungry.

You visited 1 branch of the dungeon, and saw 3 of its levels.

You collected 74 gold pieces.

Inventory:

Hand Weapons
 a - a +0 mace (weapon)
Armour
 b - a +0 animal skin (worn)
Jewellery
 d - a +4 ring of dexterity (left hand)
   (You found it on level 1 of the Dungeon)
Scrolls
 e - a scroll of amnesia {unknown}
 g - 2 scrolls of identify {unknown}
 j - a scroll of teleportation {unknown}
 k - a scroll of fear {unknown}
Potions
 h - 2 potions of degeneration {unknown}
 i - a potion of berserk rage {unknown}
 l - 2 potions of haste {unknown}
 m - a potion of lignification {unknown}
 n - a potion of curing {unknown}
Comestibles
 c - 7 rations
 f - 2 chunks of flesh


   Skills:
 + Level 6.4 Fighting
 - Level 3.6 Maces & Flails
 - Level 2.4 Armour
 - Level 2.1 Dodging


You had 3 spell levels left.
You didn't know any spells.
Your spell library was empty.

Dungeon Overview and Level Annotations

Branches:
Dungeon (3/15)

Altars:


Innate Abilities, Weirdness & Mutations

You reflexively headbutt those who attack you in melee.
You have a pair of horns on your head.


Message History

The kobold misses you.
You hit the kobold but do no damage. You headbutt the kobold.
You kill the kobold!
Trog accepts your kill.
No target in view!
No target in view!
No target in view!
Found a scimitar.
A giant cockroach comes into view.
A sky beast comes into view.
You sock the giant cockroach!
You kill the giant cockroach!
Trog accepts your kill.
Found 7 gold pieces.
You completely miss the sky beast. Your headbutt misses the sky beast.
The sky beast closely misses you. You furiously retaliate!
You headbutt the sky beast. You closely miss the sky beast.
The sky beast is lightly wounded.
The sky beast hits you. The sky beast shocks you. The sky beast misses you.
You closely miss the sky beast.
The sky beast is lightly wounded.
The sky beast flickers out of sight!
Deactivating autopickup; reactivate with Ctrl-A.
Something hits you. Something shocks you.
No target in view!
No target in view!
No target in view!
No target in view!
You closely miss something. Something hits you.
* * * LOW HITPOINT WARNING * * *
Something shocks you.
* * * LOW HITPOINT WARNING * * *
You closely miss something. Your headbutt misses something.
A sky beast appears from thin air!
Reactivating autopickup.
The sky beast closely misses you.
You hit the sky beast. You headbutt the sky beast.
The sky beast is moderately wounded.
The sky beast hits you.
* * * LOW HITPOINT WARNING * * *
The sky beast shocks you.
* * * LOW HITPOINT WARNING * * *
You hit the sky beast but do no damage.
The sky beast is moderately wounded.
The sky beast hits you but does no damage.
The sky beast hits you.
* * * LOW HITPOINT WARNING * * *
The sky beast shocks you.
You die...

#.#.#.#.# .#.#.#.#.#
#.#.#.#.#.# #.
.#.#.#.#.#.#.#.#. #
#.#.#.#.#.#.#.#.######'#
.#.#.#.#.#.#.#.##.......
#.#.#.........#.#.......
.#...........#.##.......
#..#.#)#........@Y...#.#
.#.......#.#.#..........
#..#.#.#..#.#........#$#
.#......(#.#.#..........
#..#.#.#..#.#+..)##....#
##.......#####...# ...##
######..## #...# ###
.#####.## #...# .......#
##


You could see a sky beast.

Vanquished Creatures
  2 adders (D:2)
  An ooze (D:1)
  4 dart slugs
  2 leopard geckos
  6 giant cockroaches
  5 goblins
  8 hobgoblins
  4 jackals (D:3)
  6 kobolds
  3 quokkas (D:2)
  10 bats
  A frilled lizard (D:2)
  6 rats
58 creatures vanquished.

Notes
Turn   | Place    | Note
-------+----------+-------------------------------------------
     0 | D:1      | b5mith the Minotaur Berserker began the quest for the Orb.
     0 | D:1      | Reached XP level 1. HP: 19/19 MP: 0/0
    22 | D:1      | Reached skill level 4 in Fighting
   110 | D:1      | Reached XP level 2. HP: 27/28 MP: 1/1
   533 | D:1      | Reached skill level 5 in Fighting
   621 | D:2      | Reached XP level 3. HP: 34/36 MP: 2/2
   674 | D:2      | Reached ** piety under Trog
  1101 | D:2      | Reached skill level 6 in Fighting
  1101 | D:2      | Reached XP level 4. HP: 39/44 MP: 3/3
  1586 | D:3      | Noticed a sky beast
  1596 | D:3      | Slain by a sky beast

Levels and vault maps discovered:
D:1:      heliophobic_arrival_henge, layout_basic
D:2:      wad_crossroads, layout_rooms
D:3:      lemuel_upstairs_altar, layout_basic, serial_glass, glass_columns_b,
          glass_columns_a, glass_columns_a, glass_columns_b, glass_columns_b,
          glass_columns_a, glass_columns_a, glass_columns_a, glass_columns_c,
          glass_columns_b, glass_columns_b, glass_columns_b, glass_columns_a,
          glass_columns_a, first_ration, ebering_ghost_disaster_area,
          minmay_misc_feat_iff

Skill      XL: |  1  2  3 |
---------------+----------+-----
Fighting       | 4 5 6 |  6.4
Maces & Flails | |  3.6
Armour         | |  2.4
Dodging        | |  2.1

Action                   |  1- 3 |  4- 6 || total
-------------------------+-------+-------++-------
Melee: Mace              |    64 |    33 ||    97
       Headbutt          |     8 |     5 ||    13
  Use: Scroll            |     2 |       ||     2
 Stab: Sleeping          |     4 |       ||     4
  Eat: Chunk             |     1 |     1 ||     2
Armor: Animal skin       |    19 |     9 ||    28
Dodge: Dodged            |    45 |    35 ||    80

Table legend:
 A = Non-vault XP
 B = Vault XP
 C = Vault XP percentage of total XP
 D = Non-vault monster count
 E = Vault monster count
 F = Vault count percentage of total count
                 A         B        C        D         E       F
            +---------+---------+-------+---------+---------+-------
      Total |     128 |      10 |   7.2 |      54 |       4 |   6.9
            +---------+---------+-------+---------+---------+-------
        D:1 |      37 |       0 |   0.0 |      18 |       0 |   0.0
        D:2 |      63 |      10 |  13.7 |      21 |       4 |  16.0
        D:3 |      28 |       0 |   0.0 |      15 |       0 |   0.0
            +---------+---------+-------+---------+---------+-------
